 Dungeon Crawl Stone Soup version 0.29-a0-834-g1e95ca9f62 (webtiles) character file.

Game seed: 12761694956403843415

90 blackman the Ruffian (level 4, -1/33 HPs)
             Began as a Human Warper on July 12, 2022.
             Slain by Natasha (5 damage)
             ... on level 3 of the Dungeon.
             The game lasted 00:04:35 (2994 turns).

blackman the Ruffian (Human Warper)                 Turns: 2994, Time: 00:04:35

Health: -1/33      AC: 10    Str: 14    XL:     4   Next: 85%
Magic:  7/7        EV:  4    Int: 13    God:
Gold:   124        SH:  0    Dex: 12    Spells: 5/7 levels left

rFire   . . .      SeeInvis .     - Unarmed
rCold   . . .      Faith    .   (no shield)
rNeg    . . .      Spirit   .   o - +0 plate armour
rPois   .          Reflect  .   (no helmet)
rElec   .          Harm     .   (no cloak)
rCorr   .          Rampage  .   (no gloves)
Will    .....                   (no boots)
Stlth   ..........              p - amulet of the acrobat
HPRegen 0.11/turn               (no ring)
MPRegen 0.10/turn               (no ring)

@: slowed, very slow
A: no striking features
a: no special abilities


You were on level 3 of the Dungeon.
You visited 1 branch of the dungeon, and saw 3 of its levels.

You collected 124 gold pieces.

Inventory:

Missiles
 c - 7 boomerangs of dispersal (quivered)
Armour
 a - a +0 leather armour
 o - a +0 plate armour (worn)
Jewellery
 p - an amulet of the acrobat (around neck)
Scrolls
 b - a scroll of blinking
 d - a scroll of noise {unknown}
 e - a scroll of enchant armour {unknown}
 f - 4 scrolls of identify {unknown}
 g - a scroll of amnesia {unknown}
 k - a scroll of summoning {unknown}
 m - a scroll of teleportation {unknown}
Potions
 h - 2 potions of heal wounds {unknown}
 i - a potion of curing {unknown}
 j - 2 potions of degeneration {unknown}
 l - 2 potions of resistance {unknown}
 n - a potion of mutation {unknown}
 q - a potion of might {unknown}


   Skills:
 - Level 2.0 Fighting
 - Level 1.0 Throwing
 - Level 1.0 Armour
 - Level 2.0 Dodging
 + Level 4.6 Unarmed Combat
 - Level 2.0 Spellcasting
 - Level 3.0 Translocations


You had 5 spell levels left.
You knew the following spells:

 Your Spells              Type           Power      Damage    Failure   Level
a - Blink                 Tloc           18%        N/A       100%        2

Your spell library contained the following spells:

 Spells                   Type           Power      Damage    Failure   Level
 Apportation              Tloc           18%        N/A       100%        1
 Necrotise                Necr           4%         1d4       100%        1
 Summon Small Mammal      Summ           4%         N/A       100%        1
 Gell's Gravitas          Tloc           9%         N/A       100%        3
 Lesser Beckoning         Tloc           9%         N/A       100%        3
 Teleport Other           Tloc           9%         N/A       100%        3
 Manifold Assault         Tloc           9%         N/A       100%        5


Dungeon Overview and Level Annotations

Branches:
Dungeon (3/15)

Altars:

Shops:
D:1 [

Annotations:
D:3 Natasha


Message History

You hit Natasha.
Natasha is moderately wounded.
The crimson imp blinks!
Natasha claws you.
The crimson imp blinks! x2
Natasha claws you.
You closely miss Natasha. You punch Natasha.
Natasha is severely wounded.
Natasha wildly gestures.
Natasha's front paws start to glow.
Natasha claws you but does no damage.
You hit Natasha.
Natasha is severely wounded.
The crimson imp blinks!
The crimson imp hits you but does no damage.
Natasha stares at you and mumbles some strange words.
You feel as though you will be slow longer.
The crimson imp blinks!
The crimson imp hits you but does no damage.
You hit Natasha.
Natasha is almost dead.
Natasha seems less brilliant.
Natasha claws you but does no damage. The crimson imp puffs mist at you.
The crimson imp hits you but does no damage.
Natasha drinks a potion.
Natasha's spells are empowered!
You hit Natasha but do no damage.
Natasha is almost dead.
The crimson imp hits you but does no damage.
Natasha barely misses you.
You closely miss Natasha.
Natasha is almost dead.
The crimson imp hits you but does no damage.
Natasha claws you!
* * * LOW HITPOINT WARNING * * *
The crimson imp blinks!
The crimson imp hits you but does no damage.
You hit Natasha but do no damage.
Natasha is almost dead.
Natasha wildly gestures.
Natasha shimmers violently.
Natasha claws you.
You die...

#...†....#.#
#........#.#####
#..#####.#.#...#
######..# .#.....#
##.......# ### ###...#
.........#... # #.###
.........#.#####.#.######
........>h...............
........@................
.......5##.#.#.###.##.[.#
.......$# .# # #.##...#
........# .. #.##...#
..!...... .. #.##....
......$.# ## #.##...#
.5......# #.##...#
........# #...# #.?.#####
#...#


You could see Natasha (empowered) and 2 crimson imps.

Vanquished Creatures
  3 adders
  A worm (D:2)
  4 dart slugs
  A ball python (D:1)
  3 bats
  4 endoplasms
  5 giant cockroaches
  6 goblins
  7 hobgoblins
  4 jackals (D:3)
  3 kobolds
  A quokka (D:3)
  A frilled lizard (D:3)
  3 rats (D:2)
46 creatures vanquished.

Notes
Turn   | Place    | Note
-------+----------+-------------------------------------------
     0 | D:1      | blackman the Human Warper began the quest for the Orb.
     0 | D:1      | Reached XP level 1. HP: 16/16 MP: 3/3
     2 | D:1      | You fall into a shaft and drop 1 floor!
    43 | D:2      | Reached XP level 2. HP: 6/22 MP: 5/5
   585 | D:1      | Reached skill level 3 in Unarmed Combat
   770 | D:1      | Found Sysetry's Armour Shoppe.
   820 | D:1      | Reached XP level 3. HP: 17/27 MP: 6/6
   973 | D:1      | Learned a level 2 spell: Blink
  1931 | D:2      | Reached skill level 4 in Unarmed Combat
  1931 | D:2      | Reached XP level 4. HP: 18/33 MP: 7/7
  2131 | D:2      | Found a faded altar of an unknown god.
  2131 | D:2      | Noticed a Hell Sentinel
  2974 | D:3      | Noticed Natasha
  2994 | D:3      | Slain by Natasha

Illustrated notes

Levels and vault maps discovered:
D:1:      heliophobic_arrival_glass_houses, layout_basic, serial_shops,
          nicolae_shop_statue_plus
D:2:      layout_loops_ring, dreamdust_ecumenical_altar_sealed_demon
D:3:      layout_basic, uniq_natasha, uniq_crazy_yiuf_cottage

Skill      XL: |  1  2  3 |
---------------+----------+-----
Unarmed Combat | 3 4 |  4.6
Fighting       | |  2.0
Throwing       | |  1.0
Armour         | |  1.0
Dodging        | |  2.0
Spellcasting   | |  2.0
Translocations | |  3.0

Action                   |  1- 3 |  4- 6 || total
-------------------------+-------+-------++-------
Melee: Unarmed           |   136 |    89 ||   225
       Punch             |     3 |     5 ||     8
 Cast: Blink             |     1 |       ||     1
Armor: Leather armour    |    35 |     1 ||    36
       Plate armour      |       |    71 ||    71
Dodge: Dodged            |    84 |    29 ||   113

Table legend: (Time is in decaauts)
 A = Elapsed time spent in this place.
 B = Non-inter-level travel time spent in this place.
 C = Inter-level travel time spent in this place.
 D = Time resting spent in this place.
 E = Time spent auto-exploring this place.
 F = Levels seen in this place.
 G = Mean time per level.
                   A        B        C        D        E       F      G
               +--------+--------+--------+--------+--------+-----+--------+
         Total |   2980 |   2910 |     70 |    483 |   1990 |   3 |  993.3 |
       Dungeon |   2980 |   2910 |     70 |    483 |   1990 |   3 |  993.3 |
               +--------+--------+--------+--------+--------+-----+--------+

Top non-repeatable levels by time:
     D:1: 1719 daAuts
     D:2: 922 daAuts
     D:3: 337 daAuts
